 Dungeon Crawl Stone Soup version 0.30-a0-916-g9813417 (webtiles) character file.

Game seed: 17663465714011348705

2933 Illumine the Chiller (level 9, 0/69 HPs)
             Began as a Demigod Ice Elementalist on Mar 21, 2023.
             Slain by a wolf spider zombie (10 damage)
             ... on level 8 of the Dungeon on Mar 23, 2023.
             The game lasted 00:28:44 (10587 turns).

Illumine the Chiller (Demigod Ice Elementalist)    Turns: 10587, Time: 00:28:45

Health: 0/69       AC:  2    Str: 13    XL:     9   Next: 26%
Magic:  18/20      EV: 13    Int: 25    God:
Gold:   338        SH:  0    Dex: 14    Spells: 3/18 levels left

rFire   + . .      SeeInvis .    I - +4 spear (heavy)
rCold   + . .      Faith    .    (no shield)
rNeg    . . .      Spirit   .    u - +0 robe {rC+ rF+}
rPois   .          Reflect  .    (no helmet)
rElec   .          Rampage  .    (no cloak)
rCorr   .                        (no gloves)
Will    .....                    (no boots)
Stlth   ++                       (no amulet)
HPRegen 0.31/turn                (no ring)
MPRegen 0.17/turn                (no ring)

@: no status effects
A: high MP 1, forlorn, divine attributes
a: no special abilities


You were on level 8 of the Dungeon.
You visited 2 branches of the dungeon, and saw 9 of its levels.
You also visited: Sewer and Ossuary.

You collected 338 gold pieces.

Inventory:

Hand Weapons
 k - a +1 dagger of flaming
 p - a +0 arbalest
 w - a +0 morningstar of venom
 F - a +3 hand axe
 I - a +4 heavy spear (weapon)
Armour
 l - a +0 tower shield
 m - a +0 crystal plate armour
 s - a +0 chain mail
 u - a +0 robe of resistance (worn)
Magical Staves
 j - a staff of fire
Jewellery
 a - an amulet of regeneration
Wands
 o - a wand of mindburst (12)
 v - a wand of light (11)
Scrolls
 c - a scroll of magic mapping
 f - a scroll of torment
 h - 2 scrolls of immolation
 i - a scroll of enchant armour
 q - 2 scrolls of acquirement {unknown}
 t - 2 scrolls of vulnerability {unknown}
 x - 3 scrolls of identify
 y - a scroll of teleportation {unknown}
 B - a scroll of enchant weapon {unknown}
 C - 2 scrolls of silence
 G - a scroll of poison {unknown}
 H - 3 scrolls of fear {unknown}
Potions
 b - 2 potions of magic
 d - 4 potions of flight
 e - 4 potions of curing
 g - a potion of degeneration
 r - 2 potions of haste
 z - a potion of heal wounds {unknown}
 A - a potion of lignification {unknown}
 D - a potion of brilliance {unknown}
 E - 2 potions of mutation {unknown}


   Skills:
 + Level 3.0 Fighting
 - Level 0.6 Long Blades
 - Level 0.3 Maces & Flails
 + Level 0.8 Polearms
 + Level 2.6 Armour
 + Level 3.8 Dodging
 - Level 1.9 Stealth
 + Level 5.1 Spellcasting
 - Level 3.3 Translocations
 - Level 3.4 Transmutations
 * Level 3.2 Fire Magic
 + Level 5.5 Ice Magic
 - Level 3.4 Air Magic
 - Level 3.0 Poison Magic


You had 3 spell levels left.
You knew the following spells:

 Your Spells              Type           Power      Damage    Failure   Level
a - Freeze                Ice            100%       1d10      1%          1
b - Frozen Ramparts       Ice            68%        1d11      2%          3
c - Spider Form           Tmut/Pois      22%        N/A       7%          3
d - Vhi's Electric Charg  Tloc/Air       46%        N/A       6%          3
e - Plasma Beam           Fire/Air       11%        2x1d24    50%         5

Your spell library contained the following spells:

 Spells                   Type           Power      Damage    Failure   Level
 Sting                    Tmut/Pois      88%        1d7       2%          1
 Ozocubu's Armour         Ice            34%        N/A       2%          3
 Ensorcelled Hibernation  Hex/Ice        40%        N/A       3%          2
 Poisonous Vapours        Pois/Air       44%        N/A       3%          2
 Passwall                 Tmut/Erth      11%        N/A       6%          2
 Static Discharge         Conj/Air       30%        2-4/arc   6%          2
 Swiftness                Air            23%        N/A       6%          3
 Olgreb's Toxic Radiance  Pois           21%        N/A       24%         4
 Summon Ice Beast         Ice/Summ       20%        N/A       26%         4
 Anguish                  Hex/Necr       3%         N/A       63%         4
 Arcjolt                  Conj/Air       7%         1d17      73%         5


Dungeon Overview and Level Annotations

Branches:
Dungeon (8/15)             Temple (1/1) D:5           Sewer (visited)
Ossuary (visited)
   Lair: D:8-11

Shops:
D:3 *   D:5 =   D:6 (


Innate Abilities, Weirdness & Mutations

You have an increased reservoir of magic. (+10% MP)
You shall have no god before yourself.
Your divine heritage dramatically boosts your attributes as you level up.


Message History

Unknown command.
Casting: Freeze (safe; 1% risk of failure)
Confirm with . or Enter, or press ? or * to list all spells.
Okay, then.
Aiming: Bolt of Light
Press: ? - help, Shift-Dir - straight line, f/p - wolf spider zombie
Aim: a wolf spider zombie (moderately damaged, 90% to hit)
The bolt of light hits the wolf spider zombie!
The wolf spider zombie is heavily damaged.
The wolf spider zombie is blinded.
The wolf spider zombie completely resists.
The wall freezes the wolf spider zombie but does no damage.
The wolf spider zombie hits you.
* * * LOW HITPOINT WARNING * * *
The wolf spider zombie barely misses you.
The wolf spider zombie completely resists.
The wall freezes the wolf spider zombie but does no damage.
The wolf spider zombie closely misses you.
The wolf spider zombie bites you!
* * * LOW HITPOINT WARNING * * *
Aiming: Mindburst
Press: ? - help, Shift-Dir - straight line, f - you, p - wolf spider zombie
Okay, then.
Aiming: Mindburst
Press: ? - help, Shift-Dir - straight line, f/p - wolf spider zombie
Aim: a wolf spider zombie (heavily damaged, blind, not susceptible)
Okay, then.
Unknown command.
You feel better.
The wolf spider zombie completely resists.
The wall freezes the wolf spider zombie but does no damage.
The wolf spider zombie closely misses you.
The wolf spider zombie misses you.
Unknown command.
You barely miss the wolf spider zombie.
The wolf spider zombie is heavily damaged.
The frozen ramparts melt away.
The wolf spider zombie barely misses you.
The wolf spider zombie bites you!
You die...

#######################
#.....................#
#.###################.#
#...# #.# ###.# #.#
....# #.#
#...#.###.###########.#
........#......Z@.....#
##....#.#.#############
....## ###..# ......>..
....... ...##.##
....... #...#


You could see a wolf spider zombie (blind).

Vanquished Creatures
  Prince Ribbit (D:7)
  A steam dragon (D:7)
  3 vampire mosquitoes (D:8)
  A water moccasin (D:4)
  A sky beast (D:7)
  5 black bears
  An ogre (D:7)
  A centaur (D:7)
  A phantom (D:5)
  2 kobold brigands (Sewer)
  3 bullfrogs
  A scorpion (D:4)
  A gnoll sergeant (D:7)
  A howler monkey (D:7)
  A human zombie (Ossuary)
  3 orc priests
  4 hounds
  3 jellies
  3 iguanas
  2 orc wizards
  8 gnolls
  10 adders
  5 river rats
  An ufetubus (D:4)
  6 worms
  6 dart slugs
  15 orcs
  9 ball pythons
  9 bats
  10 endoplasms
  2 giant cockroaches
  A gnoll zombie (Ossuary)
  16 goblins
  11 hobgoblins
  5 jackals
  12 kobolds
  4 quokkas
  5 frilled lizards
  A hobgoblin zombie (Ossuary)
  11 rats
186 creatures vanquished.

Vanquished Creatures (others)
  8 withered plants (D:8)
8 creatures vanquished.

Grand Total: 194 creatures vanquished

Notes
Turn   | Place    | Note
-------+----------+-------------------------------------------
     0 | D:1      | Illumine the Demigod Ice Elementalist began the quest for
                  | the Orb.
     0 | D:1      | Reached XP level 1. HP: 14/14 MP: 5/5
   575 | D:1      | Reached XP level 2. HP: 19/20 MP: 5/7
  1205 | D:1      | Reached XP level 3. HP: 26/26 MP: 6/9
  1210 | D:1      | Learned a level 3 spell: Frozen Ramparts
  2954 | D:3      | Reached XP level 4. HP: 31/34 MP: 10/10
  3245 | D:3      | Found Miashezi's Assorted Antiques.
  3478 | D:3      | Reached skill level 1 in Fighting
  3478 | D:3      | Reached skill level 1 in Armour
  3842 | D:4      | You fall into a shaft and drop 3 floors!
  3942 | D:7      | Noticed a black bear
  3972 | D:7      | Learned a level 3 spell: Spider Form
  3979 | D:7      | Noticed a bullfrog
  3992 | D:7      | Killed a bullfrog
  3993 | D:7      | Reached skill level 1 in Transmutations
  3993 | D:7      | Reached skill level 1 in Poison Magic
  3993 | D:7      | Reached XP level 5. HP: 11/40 MP: 8/11
  4110 | D:7      | Noticed a black bear
  4150 | D:7      | Noticed an ogre
  4156 | D:7      | Killed an ogre
  4370 | D:6      | Found Qahai's Weapon Boutique.
  4383 | D:6      | Reached XP level 6. HP: 40/47 MP: 5/13
  4414 | D:6      | Found a sand-covered staircase.
  4423 | Ossuary  | Entered an ossuary
  4829 | D:5      | Entered Level 5 of the Dungeon
  5340 | D:5      | Found a glowing drain.
  5345 | Sewer    | Entered a sewer
  5399 | Sewer    | Learned a level 3 spell: Vhi's Electric Charge
  5488 | Sewer    | HP: 2/47 [kobold brigand/+0 short sword (2)]
  5491 | Sewer    | Reached skill level 1 in Translocations
  5491 | Sewer    | Reached skill level 1 in Air Magic
  5491 | Sewer    | Reached XP level 7. HP: 2/52 MP: 12/15
  6180 | D:5      | Found a staircase to the Ecumenical Temple.
  6192 | Temple   | Entered the Ecumenical Temple
  6362 | D:5      | Found Kiakhud's Jewellery Shop.
  7227 | D:4      | Reached XP level 8. HP: 55/59 MP: 6/17
  8080 | D:6      | Found Bapukhli's General Store.
  8944 | D:7      | Reached skill level 5 in Ice Magic
  8999 | D:7      | Learned a level 5 spell: Plasma Beam
  9086 | D:7      | Reached skill level 1 in Fire Magic
  9311 | D:7      | Noticed Prince Ribbit
  9325 | D:7      | Killed Prince Ribbit
  9421 | D:7      | Noticed a cyclops
  9728 | D:8      | Noticed a hellwing
  9746 | D:8      | Noticed a hellwing
 10051 | D:7      | Reached XP level 9. HP: 36/68 MP: 12/20
 10159 | D:7      | Reached skill level 5 in Spellcasting
 10587 | D:8      | Slain by a wolf spider zombie

Illustrated notes

Levels and vault maps discovered:
D:1:      dpeg_arrival_morbid_curiosity, layout_basic
D:2:      layout_basic, hellmonk_ecumenical_altar_crossroads
D:3:      layout_basic, nemelex_spade_bored_becter, nicolae_gozag_seed_capital,
          serial_shops, shop
D:4:      minmay_opposing_rooms, layout_basic
D:5:      layout_basic, minmay_temple_entry_overgrown,
          lightli_sewer_entry_pipes, serial_shops, nicolae_shop_crystal,
          hangedman_decor_growths, roderic_serpentine_path
D:6:      layout_basic, lemuel_blue_sif_altar, serial_shops, shop,
          nicolae_shop_hallway_stairs, nicolae_ossuary_entry_ruins,
          hangedman_abyss_or_decor_lesser_grid
D:7:      layout_basic, mainiacjoe_overflow_surrounded_room, uniq_prince_ribbit1
D:8:      cheibrodos_grave_circle, layout_basic, mainiacjoe_overflow_big_doors
Temple:   eino_temple_rhombus

Skill      XL: |  1  2  3  4  5  6  7  8  9 |
---------------+----------------------------+-----
Dodging        | 2 3 |  3.8
Spellcasting   | 2 3 4 5 |  5.1
Ice Magic      | 4 5 |  5.5
Fighting       | 1 2 3 |  3.0
Armour         | 1 2 |  2.6
Transmutations | 1 2 3 |  3.4
Poison Magic   | 1 2 3 |  3.0
Translocations | 1 2 3 |  3.3
Air Magic      | 1 2 3 |  3.4
Fire Magic     | 2 3 |  3.2
Long Blades    | |  0.6
Maces & Flails | |  0.3
Polearms       | |  0.8
Stealth        | |  1.9

Action                     |  1- 3 |  4- 6 |  7- 9 || total
---------------------------+-------+-------+-------++-------
  Melee: Unarmed           |     2 |    48 |    14 ||    64
         Falchion          |    24 |    75 |       ||    99
         Dagger            |     3 |    44 |    25 ||    72
         Whip              |       |    24 |       ||    24
         Morningstar       |       |     4 |       ||     4
         Punch             |       |     3 |     1 ||     4
         Spear             |       |       |     8 ||     8
   Cast: Freeze            |    95 |    38 |    79 ||   212
         Frozen Ramparts   |       |    17 |    45 ||    62
         Spider Form       |       |     4 |     3 ||     7
         Vhi's Electric Ch |       |       |     1 ||     1
  Evoke: Wand              |       |       |     1 ||     1
    Use: Potion            |       |     6 |     1 ||     7
         Scroll            |       |     6 |       ||     6
 Armour: Robe              |    15 |    11 |    14 ||    40
         Crystal plate arm |    25 |   119 |       ||   144
         Skin              |       |     8 |     2 ||    10
  Dodge: Dodged            |    46 |   105 |   122 ||   273

Table legend: (Time is in decaauts)
 A = Elapsed time spent in this place.
 B = Non-inter-level travel time spent in this place.
 C = Inter-level travel time spent in this place.
 D = Time resting spent in this place.
 E = Time spent auto-exploring this place.
 F = Levels seen in this place.
 G = Mean time per level.
                   A        B        C        D        E       F      G
               +--------+--------+--------+--------+--------+-----+--------+
         Total |  10681 |  10377 |    304 |   1900 |   6464 |  11 |  971.0 |
       Dungeon |  10186 |   9882 |    304 |   1679 |   6328 |   8 | 1273.2 |
        Temple |      1 |      1 |      0 |      0 |      0 |   1 |    1.0 |
         Sewer |    411 |    411 |      0 |    208 |    120 |   1 |  411.0 |
       Ossuary |     81 |     81 |      0 |     13 |     15 |   1 |   81.0 |
               +--------+--------+--------+--------+--------+-----+--------+

Top non-repeatable levels by time:
     D:7: 1951 daAuts
     D:5: 1644 daAuts
     D:1: 1590 daAuts
     D:6: 1324 daAuts
     D:4: 1249 daAuts
     D:2: 1180 daAuts
     D:3: 1100 daAuts
   Sewer: 411 daAuts
     D:8: 144 daAuts
 Ossuary: 81 daAuts
  Temple: 1 daAuts
